 Dungeon Crawl Stone Soup version 0.31.0-12-g77e489cdc1 (webtiles) character file.

Game seed: 13443704140826072821

442 hawla the Carver (level 6, -15/52 HPs)
             Began as a Minotaur Fighter on Feb 19, 2024.
             Killed from afar by Dowan (25 damage)
             ... with a shard of ice
             ... on level 4 of the Dungeon.
             The game lasted 00:04:59 (2915 turns).

hawla the Carver (Minotaur Fighter)                 Turns: 2915, Time: 00:04:59

Health: -15/52     AC:  8    Str: 20    XL:     6   Next: 71%
Magic:  1/5        EV:  9    Int:  5    God:
Gold:   231        SH:  4    Dex: 12    Spells: 5/5 levels left

rFire   . . .        a - +1 long sword
rCold   . . .        c - +0 buckler
rNeg    . . .        b - +0 scale mail
rPois   +            (helmet restricted)
rElec   .            (no cloak)
rCorr   .            f - +0 pair of gloves {infuse}
SInv    +            (no boots)
Will    .....        (no amulet) Stlth
                     j - ring of see invisible
HPRegen 0.28/turn    h - ring of poison resistance
MPRegen 0.09/turn

%: infuse magic (1 MP)
@: no status effects
A: horns 2, retaliatory headbutt
a: no special abilities


You were on level 4 of the Dungeon.
You visited 1 branch of the dungeon, and saw 4 of its levels.

You collected 231 gold pieces.

Inventory:

Hand Weapons
 a - a +1 long sword (weapon)
Missiles
 k - 4 atropa-tipped darts (quivered)
Armour
 b - a +0 scale mail (worn)
 c - a +0 buckler (worn)
 f - a +0 pair of gloves of infusion (worn)
Jewellery
 h - a ring of poison resistance (right hand)
 j - a ring of see invisible (left hand)
Wands
 o - a wand of polymorph (4)
Scrolls
 q - a scroll of brand weapon {unknown}
 r - a scroll of teleportation {unknown}
Potions
 d - a potion of might
 e - 2 potions of enlightenment {unknown}
 g - a potion of cancellation {unknown}
 i - 3 potions of berserk rage
 l - 2 potions of brilliance {unknown}
 n - a potion of ambrosia {unknown}
 p - a potion of invisibility {unknown}


   Skills:
 - Level 4.0 Fighting
 + Level 8.6 Long Blades
 - Level 3.6 Armour
 - Level 3.6 Shields


You had 5 spell levels left.
You didn't know any spells.
Your spell library was empty.

Dungeon Overview and Level Annotations

Branches:
Dungeon (4/15)
 Temple: D:4-7

Altars:
Dithmenos
Xom

Annotations:
D:4 Dowan


Innate Abilities, Weirdness & Mutations

You have a pair of horns on your head.
You reflexively headbutt those who attack you in melee.


Message History

Duvessa is heavily wounded.
Duvessa hits you with a +2 vampiric short sword!
Duvessa draws strength from your wounds!
Dowan gestures wildly while chanting.
Dowan blinks!
You slash Duvessa!
Duvessa is heavily wounded.
Duvessa hits you with a +2 vampiric short sword.
Duvessa draws strength from your wounds!
You barely miss Duvessa.
Duvessa is heavily wounded.
Duvessa hits you with a +2 vampiric short sword.
You hit Duvessa. You headbutt Duvessa.
Duvessa is almost dead.
Duvessa hits you with a +2 vampiric short sword.
Duvessa draws strength from your wounds!
You barely miss Duvessa.
Duvessa is almost dead.
Duvessa hits you with a +2 vampiric short sword!
You slash Duvessa!
You kill Duvessa!
Dowan screams, "No!
No!"
Dowan seems to find hidden reserves of power!
Your Long Blades skill increases to level 8!
Unknown command.
You hit the hobgoblin.
The hobgoblin is almost dead.
The hobgoblin hits you but does no damage.
You hit the hobgoblin.
You kill the hobgoblin!
Dowan points at you and mumbles some strange words.
The shard of ice hits you!
* * * LOW HITPOINT WARNING * * *
Unknown command.
Blink to where?
Press: ? - help, Dir - move target
As you read the scroll of blinking, it crumbles to dust.
Dowan casts a spell at you. The shard of ice hits you!!
You die...

.........#####.##
...#####.# #ยง#
####
##.#####$######
#..##...e5....#
##.###.........#
#..# #.........#
#.## #.........##
#####.#
#..........##
##..>..#
#.....@.....#
#..#####
#............#
#.##
#............#
..#
#..####..[....#
.## #. ##.....##
## # $.....#
......# ......#


You could see Dowan (fast) and a white imp.

Vanquished Creatures
  Duvessa (D:4)
  A scorpion (D:4)
  2 hounds
  2 bombardier beetles
  4 gnolls (D:4)
  2 adders
  A ribbon worm (D:3)
  2 dart slugs
  7 orcs (D:3)
  8 ball pythons
  3 endoplasms
  6 giant cockroaches
  4 goblins
  11 hobgoblins
  7 jackals
  8 kobolds
  2 quokkas
  4 bats
  4 frilled lizards
  8 rats
87 creatures vanquished.

Notes
Turn   | Place    | Note
-------+----------+-------------------------------------------
     0 | D:1      | hawla the Minotaur Fighter began the quest for the Orb.
     0 | D:1      | Reached XP level 1. HP: 19/19 MP: 0/0
   265 | D:1      | Reached skill level 3 in Long Blades
   265 | D:1      | Reached XP level 2. HP: 22/27 MP: 1/1
   842 | D:2      | Reached skill level 4 in Long Blades
   842 | D:2      | Reached XP level 3. HP: 30/33 MP: 2/2
  1059 | D:2      | You fall into a shaft and drop 2 floors!
  1098 | D:4      | Reached skill level 5 in Long Blades
  1098 | D:4      | Reached XP level 4. HP: 16/40 MP: 3/3
  1233 | D:3      | Found a faded altar of an unknown god.
  1289 | D:3      | Reached skill level 6 in Long Blades
  1300 | D:3      | Found a shadowy altar of Dithmenos.
  1347 | D:2      | Reached XP level 5. HP: 46/46 MP: 4/4
  1757 | D:3      | Identified a scroll of acquirement
  1760 | D:3      | Acquired a +0 pair of gloves of infusion
  2150 | D:3      | Found a shimmering altar of Xom.
  2289 | D:4      | Reached skill level 7 in Long Blades
  2435 | D:4      | Noticed Dowan
  2436 | D:4      | Noticed Duvessa
  2608 | D:4      | Reached XP level 6. HP: 34/52 MP: 0/5
  2912 | D:4      | Killed Duvessa
  2913 | D:4      | Reached skill level 8 in Long Blades
  2915 | D:4      | Killed from afar by Dowan

Illustrated notes

Levels and vault maps discovered:
D:1:      lightli_iron_boxes, layout_basic
D:2:      minmay_spotlight, layout_rooms, serial_forest,
          infiniplex_forest_straight_5, infiniplex_forest_clump_small,
          infiniplex_forest_lined_3, infiniplex_forest_pool,
          infiniplex_forest_clump_curved, infiniplex_forest_lined_1,
          infiniplex_forest_zigzag_1
D:3:      layout_rooms, grunt_dithmenos_smoke, mainiacjoe_overflow_boulevard,
          ebering_ecumenical_altar_ruins
D:4:      layout_rooms, uniq_duvessa

Skill      XL: |  1  2  3  4  5  6 |
---------------+-------------------+-----
Fighting       | 4 |  4.0
Long Blades    | 3 4 5 6 7 8 |  8.6
Armour         | |  3.6
Shields        | |  3.6

Action                     |  1- 3 |  4- 6 || total
---------------------------+-------+-------++-------
  Melee: Long sword        |   100 |   111 ||   211
         Headbutt          |    10 |    20 ||    30
    Use: Potion            |       |     1 ||     1
         Scroll            |       |     9 ||     9
 Armour: Scale mail        |    97 |    78 ||   175
  Dodge: Dodged            |    74 |    40 ||   114
  Block: Buckler           |    39 |    16 ||    55
